 Dungeon Crawl Stone Soup version 0.13.0 (webtiles) character file.

888 Deemzul the Martial Artist (level 7, -12/45 HPs)
             Began as an Octopode Monk on Oct 12, 2013.
             Was a Priest of Okawaru.
             Splashed by a jelly's acid (16 damage)
             ... on Level 5 of the Dungeon.
             The game lasted 00:10:53 (3652 turns).

Deemzul the Martial Artist (Octopode Monk)          Turns: 3652, Time: 00:10:53

HP -12/45        AC  1     Str 11      XL: 7   Next: 89%
MP   6/6         EV 13     Int 12      God: Okawaru [***...]
Gold 93          SH  0     Dex 16      Spells:  0 memorised,  6 levels left

Res.Fire  : . . .   See Invis. : .     - Unarmed
Res.Cold  : . . .   Warding    : .   (no shield)
Life Prot.: . . .   Conserve   : .   (helmet restricted)
Res.Poison: +       Res.Corr.  : .   (no amulet)
Res.Elec. : .       Clarity    : .   e - ring of poison resistance
Sust.Abil.: . .     Spirit.Shd : .   q - ring of wizardry
Res.Mut.  : .       Stasis     : .   (no ring)
Res.Rott. : .       Flight     : .   (no ring)
Saprovore : . . .                    (no ring)
                                     (no ring)
                                     (no ring)
                                     (no ring)

@: slightly resistant to hostile enchantments, quite stealthy
A: almost no armour, amphibious, 8 rings, constrict 8, camouflage 1, AC +1
a: Heroism, Renounce Religion


You were on level 5 of the Dungeon.
You worshipped Okawaru.
Okawaru was most pleased with you.
You were not hungry.

You visited 1 branch of the dungeon, and saw 5 of its levels.

You collected 93 gold pieces.

Inventory:

Magical devices
 v - a wand of confusion (2)
 B - a wand of lightning (7)
 F - a wand of flame (11) {unknown}
Comestibles
 b - 4 bread rations
 f - 8 grapes
 g - an apple
 i - 3 pears
 n - a choko
 w - an orange
 A - a beef jerky
 E - a chunk of gnoll flesh
Scrolls
 a - 2 scrolls of recharging {unknown}
 d - 3 scrolls of remove curse {unknown}
 k - 3 scrolls of identify {unknown}
 l - a scroll of noise {unknown}
 m - 5 scrolls of curse jewellery {unknown}
 p - a scroll of blinking {unknown}
 r - 2 scrolls of curse weapon {unknown}
 u - a scroll of random uselessness {unknown}
 y - 2 scrolls of teleportation {unknown}
Jewellery
 e - a ring of poison resistance (left tentacle)
 q - a ring of wizardry (right tentacle)
Potions
 c - 3 potions of curing
 h - a potion of might {unknown}
 j - a potion of restore abilities {unknown}
 o - 2 potions of cure mutation {unknown}
 s - a potion of magic {unknown}
 t - a potion of brilliance {unknown}
 x - a potion of heal wounds {unknown}
 z - a potion of speed {unknown}
 C - a potion of slowing {unknown}
 D - a potion of confusion {unknown}


   Skills:
 - Level 3.0 Fighting
 - Level 3.0 Dodging
 + Level 2.6 Stealth
 * Level 9.4 Unarmed Combat


You had 6 spell levels left.
You didn't know any spells.

Dungeon Overview and Level Annotations

Branches:
Dungeon (5/27)
 Temple: D:4-7

Altars:
Kikubaaqudgha
Nemelex Xobeh
Okawaru

Annotations:
D:2 Crazy Yiuf


Innate Abilities, Weirdness & Mutations

You cannot wear most types of armour.
You are amphibious.
You can wear up to eight rings at the same time.
You can use your tentacles to constrict many enemies at once.
Your skin changes colour to match your surroundings (Stlth).
Your rubbery body absorbs attacks (AC +1).


Message History

A jelly comes into view.
The jelly quivers.
The jelly moves out of view.
The jelly is too close now for your liking.
A jelly is nearby!
The jelly barely misses you.
Found a stone staircase leading up.
You hit the jelly.
Your tentacles burn!
The jelly is lightly wounded.
The jelly barely misses you.
You hit the jelly.
Your tentacles burn!
The jelly is moderately wounded.
You bludgeon the jelly!
Your tentacles burn!
The jelly is almost dead.
The jelly hits you.
You are splashed with acid!
The acid burns!
* * * LOW HITPOINT WARNING * * *
The jelly hits you.
* * * LOW HITPOINT WARNING * * *
You are splashed with acid!
The acid burns!
You die...

.. ##♣.♣######.......##.########
...#♣♣.♣♣#.............))))))..#
...........#######.####.######.#
.###♣♣.♣♣#########.# #.# #.#
#♣.♣##......##.# #.# #.#
##.###......##.# #.# #.#
#..........##.# #.# #<#
##.........##.####.######(##
##.######J@...........).... #.#
#.##.####.......... #.# #.##.#
#.......... #.#
##.##.####:......... ...
............>....... #.#
##.##.####.......... #.# #.##.#
#.######### #.# #.##.# #.# #.#
#.##.# #.#


You could see a jelly.

Vanquished Creatures
  2 ogres
  A hound (D:4)
  A crimson imp (D:5)
  A gnoll shaman (D:5)
  4 orc priests
  2 orc wizards
  2 worker ants
  5 adders
  13 gnolls
  A giant mite (D:1)
  3 worms
  A giant eyeball (D:4)
  2 giant geckos
  2 oozes
  26 orcs
  A ball python (D:3)
  6 giant cockroaches
  10 hobgoblins
  4 jackals
  2 quokkas
  7 bats
  3 giant newts
  14 goblins
  A jackal skeleton (D:4)
  8 kobolds
  9 rats
131 creatures vanquished.

Notes
Turn   | Place    | Note
--------------------------------------------------------------
     0 | D:1      | Deemzul, the Octopode Monk, began the quest for the Orb.
     0 | D:1      | Reached XP level 1. HP: 14/14 MP: 0/0
   153 | D:1      | Reached XP level 2. HP: 13/19 MP: 1/1
   643 | D:2      | Reached XP level 3. HP: 25/25 MP: 2/2
   680 | D:2      | Reached skill level 5 in Unarmed Combat
   744 | D:2      | Noticed Crazy Yiuf
  1226 | D:1      | Reached XP level 4. HP: 30/30 MP: 3/3
  2066 | D:3      | Reached skill level 6 in Unarmed Combat
  2151 | D:3      | Reached XP level 5. HP: 33/35 MP: 4/4
  2305 | D:3      | Found an iron altar of Okawaru.
  2305 | D:3      | Found a sparkling altar of Nemelex Xobeh.
  2306 | D:3      | Found an ancient bone altar of Kikubaaqudgha.
  2325 | D:3      | Became a worshipper of Warmaster Okawaru
  2325 | D:3      | Acquired Okawaru's first power
  2734 | D:3      | Reached skill level 7 in Unarmed Combat
  2815 | D:4      | Reached XP level 6. HP: 32/41 MP: 2/5
  2867 | D:4      | Noticed an ogre
  2876 | D:4      | Killed an ogre
  2985 | D:4      | Paralysed by a giant eyeball for 2 turns
  3054 | D:4      | Reached skill level 8 in Unarmed Combat
  3083 | D:4      | Reached XP level 7. HP: 45/45 MP: 6/6
  3251 | D:5      | Entered Level 5 of the Dungeon
  3328 | D:5      | Reached skill level 9 in Unarmed Combat
  3652 | D:5      | Splashed by a jelly's acid

Action                   |  1- 3 |  4- 6 |  7- 9 || total
-------------------------+-------+-------+-------++-------
Melee: Unarmed           |    65 |   161 |    58 ||   284
Invok: Heroism           |       |     2 |     2 ||     4
Evoke: Wand              |       |     4 |     6 ||    10
  Use: Potion            |       |       |     4 ||     4
 Stab: Sleeping          |     7 |     8 |     1 ||    16
       Distracted        |       |     1 |     1 ||     2
       Confused          |       |       |     1 ||     1
